 Dungeon Crawl Stone Soup version 0.24.0-37-gcf1ca852f1 (webtiles) character file.

Game seed: 9159117188606044555, levelgen mode: deterministic

743 Iamsoldier the Skirmisher (level 7, -12/45 HPs)
             Began as a Gargoyle Fighter on Dec 6, 2019.
             Mangled by an ogre
             ... wielding a +0 giant club
              (14 damage)
             ... on level 4 of the Dungeon.
             The game lasted 00:06:34 (3240 turns).

Iamsoldier the Skirmisher (Gargoyle Fighter)        Turns: 3240, Time: 00:06:35

Health: -12/45     AC: 14    Str: 21 (22) XL:     7   Next: 76%
Magic:  7/7        EV:  7    Int:  6 (8)  God:
Gold:   247        SH:  9    Dex:  7 (9)  Spells: 6/6 levels left

rFire    . . .     SeeInvis .   a - +1 flail
rCold    . . .     Gourm    .   c - +0 shield
rNeg     + . .     Faith    .   b - +0 scale mail
rPois    ∞         Spirit   .   (no helmet)
rElec    +         Reflect  .   (no cloak)
rCorr    .         Harm     .   n - +0 pair of gloves
MR       .....                  m - +0 pair of boots
Stlth    ..........             (no amulet)
HPRegen  0.15/turn              (no ring)
MPRegen  0.10/turn              (no ring)

@: very slightly contaminated, invisible
A: negative energy resistance 1, electricity resistance, unbreathing,
petrification resistance, rot immunity, AC +4
a: no special abilities


You were on level 4 of the Dungeon.
You were not hungry.

You visited 1 branch of the dungeon, and saw 4 of its levels.

You collected 247 gold pieces.

Inventory:

Hand Weapons
 a - a +1 flail (weapon)
Armour
 b - a +0 scale mail (worn)
 c - a +0 shield (worn)
 m - a +0 pair of boots (worn)
 n - a +0 pair of gloves (worn)
Scrolls
 g - 2 scrolls of identify
 h - a scroll of enchant weapon
 i - 2 scrolls of fog
Potions
 l - a potion of degeneration
Comestibles
 d - 2 chunks of flesh
 f - 8 rations


   Skills:
 * Level 5.8 Fighting
 * Level 4.8 Maces & Flails
 + Level 5.3 Armour
 + Level 5.3 Shields


You had 6 spell levels left.
You didn't know any spells.
Your spell library was empty.

Dungeon Overview and Level Annotations

Branches:
Dungeon (4/15)
 Temple: D:4-7

Altars:
Gozag


Innate Abilities, Weirdness & Mutations

You are resistant to torment.
Your stone body is resilient. (AC +4)
You are immune to poison.
You resist negative energy. (rN+)
You are resistant to electric shocks. (rElec)
You can survive without breathing.
You are immune to petrification.
You are immune to rotting.


Message History

The ogre barely misses you.
Okay, then.
It was a potion of degeneration.
There was something very wrong with that liquid.
You feel weakened.
You feel dopey.
You feel clumsy. You block the ogre's attack.
It was a potion of invisibility.
You fade into invisibility!
The ogre barely misses you.
You are very lightly contaminated with residual magic.
The ogre hits you with a +0 giant club!
* * * LOW HITPOINT WARNING * * *
You catch the helpless ogre completely off-guard!
You hit the ogre.
The ogre is heavily wounded.
The ogre barely misses you.
You hit the ogre.
The ogre is heavily wounded.
The ogre hits you with a +0 giant club!
You die...

.........# #.##..##.#
...##....###.#...##.#
..........##.#...##.#
#......#..##........#
#..........#.#.#.##.# #
...........#.#.#.####.##
.......................#
.....(.......#..O......#
.#....#.........@....#.#
.#.#..#....#.###..##.#
.#.#....#..#.........#
)#....#.......##..##.#.#
.###..#.#.##...#..#..#.#
.#...................#.#
........#.##...#..#>.#.##
........#.##...#..#.#...#
.......##.#.........#...#


You could see an ogre.

Vanquished Creatures
  Sigmund (D:2)
  2 ogres (D:4)
  2 scorpions (D:4)
  3 orc priests
  An orc wizard (D:4)
  2 worker ants (D:4)
  5 adders
  3 oozes
  2 adder skeletons (D:4)
  2 worms
  2 dart slugs
  A leopard gecko (D:3)
  5 orcs
  7 bats
  3 giant cockroaches
  3 goblins (D:1)
  5 hobgoblins
  9 jackals
  7 kobolds
  2 quokkas (D:3)
  3 ball pythons
  4 frilled lizards
  7 rats
81 creatures vanquished.

Notes
Turn   | Place    | Note
-------+----------+-------------------------------------------
     0 | D:1      | Iamsoldier the Gargoyle Fighter began the quest for the
                  | Orb.
     0 | D:1      | Reached XP level 1. HP: 14/14 MP: 1/1
    92 | D:1      | Reached XP level 2. HP: 19/19 MP: 2/2
   536 | D:1      | Reached XP level 3. HP: 23/23 MP: 3/3
   855 | D:2      | Noticed Sigmund
   885 | D:2      | Killed Sigmund
   885 | D:2      | Reached XP level 4. HP: 7/30 MP: 4/4
   885 | D:2      | Reached XP level 5. HP: 8/34 MP: 5/5
  1566 | D:3      | Reached XP level 6. HP: 39/39 MP: 6/6
  2448 | D:3      | Found an opulent altar of Gozag.
  2730 | D:4      | Reached skill level 5 in Fighting
  2730 | D:4      | Reached XP level 7. HP: 44/44 MP: 7/7
  2737 | D:4      | Reached skill level 5 in Armour
  2737 | D:4      | Reached skill level 5 in Shields
  3238 | D:4      | HP: 2/45 [ogre/+0 giant club (9)]
  3240 | D:4      | Mangled by an ogre

Levels and vault maps discovered:
D:1:      dpeg_arrival_pond, layout_rooms, minmay_misc_feat_enclosed,
          bh_walls_and_bars
D:2:      layout_loops_ring, uniq_sigmund
D:3:      layout_loops_cross, first_ration, hangedman_glass_teeth,
          lemuel_statue_altar
D:4:      layout_basic

Skill      XL: |  1  2  3  4  5  6  7 |
---------------+----------------------+-----
Fighting       | 4 5 |  5.8
Maces & Flails | 3 4 |  4.8
Armour         | 4 5 |  5.3
Shields        | 4 5 |  5.3

Action                   |  1- 3 |  4- 6 |  7- 9 || total
-------------------------+-------+-------+-------++-------
Melee: Flail             |   153 |   162 |    62 ||   377
  Use: Potion            |     2 |     1 |     4 ||     7
       Scroll            |       |     5 |       ||     5
 Stab: Invisible         |       |       |     1 ||     1
  Eat: Chunk             |       |     6 |     2 ||     8
Armor: Scale mail        |    90 |   105 |    20 ||   215
Dodge: Dodged            |    70 |    57 |     9 ||   136
Block: Shield            |   108 |   108 |    25 ||   241
